Map: Ruines d’Endion

Players

zidar - Winner!

  • Race: Zerg Zerg
  • League: Gold
  • Spawn Location: 5:00

Venom

  • Race: Terran Terran
  • League: Silver
  • Spawn Location: 7:00

VOD

Have the link to the VOD?

Description

Time

  • Played on: June 7, 2016, 2:11 p.m.
  • Length: 18:32
Show
View Real Time Build Order
Export as new Build Order

zidar Zerg - Winner!

Build Orders: Hatch First, Muta Ling Bane 

Get SALT Encoding   

  12  0:02  Drone  
  13  0:13  Overlord  
  13  0:18  Drone  
  14  0:31  Drone x2  
  14  0:34  Drone  
  17  0:57  Hatchery  
  17  0:59  Drone  
  17  1:03  Extractor  
  16  1:05  Drone  
  17  1:21  Spawning Pool  
  16  1:30  Drone  
  17  1:34  Drone x2  
  19  1:41  Drone  
  19  1:57  Drone  
  20  2:07  Drone  
  21  2:09  Overlord  
  21  2:13  Queen  
  21  2:14  Extractor  
  22  2:20  Queen  
  22  2:22  Drone x2  
  27  2:28  Metabolic Boost  
  27  2:40  Zergling x2  
  26  3:04  Zergling x2  
  26  3:05  Zergling x4  
  29  3:18  Extractor  
  28  3:26  Roach Warren  
  27  3:32  Drone  
  28  3:39  Drone x7  
  35  3:55  Drone  
  35  3:58  Overlord x2  
  36  4:07  Pneumatized Carapace  
  36  4:28  Roach x7  
  50  4:41  Spore Crawler  
  49  4:46  Overlord x3  
  49  5:11  Hatchery  
  48  5:22  Ravager x2  
  48  5:23  Ravager  
  51  5:37  Extractor  
  51  5:41  Extractor  
  49  5:45  Drone x9  
  58  5:51  Queen  
  60  6:10  Overlord x3  
  60  6:11  Overlord  
  50  6:49  Lair  
  50  6:52  Drone x10  
  50  6:53  Drone x7  
  67  7:30  Evolution Chamber  
  67  7:31  Evolution Chamber  
  65  7:39  Drone x3  
  65  7:41  Baneling Nest  
  65  7:43  Drone x2  
  69  7:46  Drone x7  
  69  7:47  Drone x4  
  80  8:04  Spire  
  80  8:05  Drone  
  80  8:18  Zergling x20  
  90  8:30  Zerg Ground Armor Level 1, Zerg Melee Weapons Level 1  
  90  8:31  Centrifical Hooks  
  90  8:39  Baneling x9  
  90  8:43  Overlord x7  
  90  9:15  Drone  
  90  9:16  Zergling x34  
  108  9:23  Baneling  
  108  9:24  Baneling x7  
  108  9:29  Overseer  
  108  9:32  Mutalisk x6  
  120  9:59  Extractor  
  119  10:00  Extractor  
  118  10:12  Zergling x20  
  128  10:18  Zerg Flyer Weapons Level 1  
  128  10:41  Zerg Ground Armor Level 2  
  128  10:42  Zerg Melee Weapons Level 2  
  128  10:51  Infestation Pit  
  126  11:04  Drone  
  126  11:05  Drone x2  
  126  11:08  Overlord x6  
  129  11:27  Zergling x4  
  129  11:28  Zergling x20  
  129  11:29  Baneling  
  129  11:30  Baneling x11  
  141  11:33  Hive  
  141  11:40  Hatchery  
  140  12:15  Zerg Flyer Weapons Level 2  
  140  12:22  Hatchery  
  132  12:50  Zergling x32  
  148  12:59  Queen  
  148  13:01  Adrenal Glands  
  148  13:02  Zerg Ground Armor Level 3  
  148  13:03  Zerg Melee Weapons Level 3  
  150  13:12  Ultralisk Cavern  
  149  13:17  Corruptor x3  
  149  13:18  Infestor x4  
  163  13:20  Viper  
  163  13:21  Viper x3  
  163  13:25  Baneling  
  175  13:28  Baneling x6  
  175  13:29  Baneling  
  175  13:32  Overlord  
  175  13:33  Overlord x6  
  175  13:51  Spore Crawler  
  175  13:52  Spore Crawler  
  175  13:54  Spore Crawler  
  92  14:12  Zergling x26  
  99  14:31  Zergling x4  
  99  14:32  Zergling x2  
  102  14:41  Baneling x16  
  102  14:49  Zergling x12  
  108  15:14  Chitinous Plating  
  102  15:33  Zergling x18  
  109  15:54  Hatchery  
  108  16:18  Extractor  
  107  16:19  Extractor, Zergling x22  
  107  16:20  Zergling x4  
  119  16:26  Zergling x2  
  119  16:27  Zergling x16  
  119  16:29  Baneling x2  
  119  16:30  Baneling x11  
  119  16:31  Baneling x8  
  134  16:40  Ultralisk x4  
  134  16:41  Ultralisk  
  134  16:45  Corruptor x2  
  162  16:58  Zergling x18  
  162  17:00  Baneling  
  171  17:03  Baneling x6  
  171  17:04  Baneling x4  
  112  17:48  Zergling x2  
  112  17:49  Zergling x46  
Show
View Real Time Build Order
Export as new Build Order

Venom Terran 

Build Orders:  

Get SALT Encoding   

  12  0:02  SCV  
  13  0:17  Supply Depot  
  13  0:18  SCV  
  14  0:28  Refinery  
  14  0:30  SCV  
  15  0:42  Barracks  
  15  0:46  SCV  
  16  0:58  SCV  
  17  1:19  SCV  
  18  1:28  Barracks  
  18  1:29  Reaper  
  18  1:30  Supply Depot  
  18  1:31  SCV  
  20  1:48  SCV  
  21  1:56  Factory  
  21  2:00  SCV  
  22  2:01  Refinery  
  22  2:10  Barracks Reactor  
  22  2:23  Barracks Tech Lab  
  22  3:01  Marine x2  
  22  3:02  Factory Tech Lab  
  22  3:04  Starport  
  26  3:05  Marauder  
  26  3:20  Marine x2  
  26  3:23  Command Center  
  26  3:24  Siege Tank  
  31  3:29  Supply Depot  
  31  3:50  Viking  
  31  3:52  Supply Depot  
  31  3:54  Marine x2  
  35  4:09  Siege Tank  
  38  4:13  SCV  
  39  4:39  SCV  
  39  4:41  Orbital Command  
  39  4:42  Starport Reactor  
  40  4:47  Marine x2  
  40  4:49  Stimpack  
  40  4:51  SCV  
  43  4:54  Marauder  
  43  5:21  Siege Tank  
  43  5:22  SCV  
  43  5:23  Marine x2  
  43  5:25  Marauder  
  51  5:29  Supply Depot  
  51  5:34  SCV  
  52  5:45  Liberator  
  52  5:47  Liberator  
  52  5:51  SCV  
  52  5:54  Marine x2  
  55  6:01  Engineering Bay  
  55  6:03  SCV  
  62  6:15  SCV, Supply Depot  
  63  6:22  Refinery  
  63  6:27  SCV  
  63  6:28  Marine x2, Marauder  
  68  6:36  Missile Turret  
  68  6:39  Supply Depot  
  68  6:43  Terran Infantry Weapons Level 1  
  69  6:47  SCV  
  69  7:05  Engineering Bay  
  69  7:06  Supply Depot  
  69  7:07  Marine x2  
  71  7:09  Marauder  
  71  7:11  Combat Shield  
  71  7:15  SCV  
  74  7:21  SCV  
  75  7:23  Viking  
  75  7:28  SCV  
  78  7:33  Terran Infantry Armor Level 1  
  78  7:39  Supply Depot  
  78  7:41  SCV  
  79  8:02  Liberator  
  79  8:03  Liberator  
  79  8:22  SCV  
  79  8:25  Supply Depot  
  86  8:44  Armory  
  86  8:47  Factory  
  86  8:50  Refinery  
  86  8:56  Siege Tank  
  86  8:57  Marine x2  
  86  8:58  Marauder  
  86  9:02  Command Center, Supply Depot  
  93  9:25  Supply Depot  
  93  9:31  Marine  
  93  9:32  Marine  
  93  9:33  Marauder, Siege Tank  
  93  9:35  Medivac  
  93  9:36  Medivac  
  104  9:50  Factory Tech Lab  
  104  9:53  Supply Depot  
  104  10:55  Marine x2, Siege Tank  
  109  10:57  Medivac x2  
  109  10:59  Marauder  
  109  11:01  Supply Depot  
  109  11:02  Terran Vehicle Weapons Level 1  
  109  11:04  Terran Infantry Weapons Level 2, Terran Infantry Armor Level 2  
  115  11:09  SCV  
  116  11:18  SCV  
  117  11:20  Marauder, Thor  
  117  11:21  SCV  
  117  11:22  Marine x2  
  128  11:30  SCV  
  129  11:41  Marauder  
  131  12:01  Marine x2  
  131  12:03  Thor  
  131  12:04  Medivac x2  
  131  12:05  Marauder  
  145  12:27  Marauder  
  147  12:56  Marine x2, Marauder  
  151  12:58  Thor  
  157  13:07  Viking x2  
  157  13:08  Supply Depot  
  157  13:10  SCV  
  162  13:13  Refinery  
  162  13:18  Marauder  
  164  13:22  SCV  
  165  13:30  Supply Depot  
  165  13:34  SCV  
  165  13:36  Refinery  
  165  13:37  Viking x2  
  170  13:54  Supply Depot  
  94  14:25  Thor  
  94  14:27  Marine x2  
  94  14:30  Terran Infantry Weapons Level 3, Terran Infantry Armor Level 3  
  102  14:32  Terran Vehicle And Ship Armor Level 1  
  102  14:34  Marauder  
  104  14:43  SCV  
  104  14:44  Marine  
  104  14:45  Marine  
  107  14:55  Marauder, SCV  
  110  15:02  Marine x2  
  112  15:10  Supply Depot  
  112  15:11  Siege Tank  
  112  15:12  Siege Tank  
  118  15:17  Marauder  
  118  15:20  Marine x2  
  122  15:38  Marauder  
  124  16:04  Command Center  
  124  16:31  Marine  
  124  16:32  Marine  
  126  16:33  Marauder  
  126  16:39  Thor  
  134  16:42  SCV  
  135  16:49  Marine x2  
  137  17:07  Marine x2  
  136  17:25  Marine x2  
  80  17:43  Marine x2  
  73  17:51  SCV  
  62  18:01  Marine x2  
  62  18:03  SCV  
  65  18:15  SCV  
Tags
 
Add a new tag
Caveats
  • Supply blocks, unpowered buildings, or Contaminate may cause inaccurate times.
  • Supply counts are checked every 10 seconds.